 Dungeon Crawl Stone Soup version 0.25-a0-194-gece12570e2 (webtiles) character file.

Game seed: 5903558560825910220, levelgen mode: deterministic

555 Crag the Ducker (level 7, 0/47 HPs)
             Began as an Octopode Gladiator on Dec 1, 2019.
             Hit by a silver boomerang thrown by an orc warrior (2 damage)
             ... on level 5 of the Dungeon.
             The game lasted 00:14:51 (5850 turns).

Crag the Ducker (Octopode Gladiator)                Turns: 5850, Time: 00:14:53

Health: 0/47       AC:  4    Str: 13    XL:     7   Next: 30%
Magic:  10/10      EV: 15    Int: 12    God:
Gold:   232        SH:  4    Dex: 14    Spells: 10/10 levels left

rFire    . . .     SeeInvis .     - Unarmed
rCold    . . .     Gourm    .   o - +1 buckler {AC+3}
rNeg     . . .     Faith    .   m - +0 hat
rPois    .         Spirit   .   (no amulet)
rElec    .         Reflect  .   (no ring)
rCorr    .         Harm     .   (no ring)
MR       .....                  (no ring)
Stlth    ++........             (no ring)
HPRegen  0.15/turn              (no ring)
MPRegen  0.12/turn              (no ring)
                                (no ring)
                                (no ring)

@: lethally poisoned (0 -> -3)
A: almost no armour, stealthy swim, amphibious, 8 rings, constrict 8, camouflage
1, gelatinous body 1
a: no special abilities


You were on level 5 of the Dungeon.
You were not hungry.

You visited 1 branch of the dungeon, and saw 6 of its levels.

You collected 232 gold pieces.

Inventory:

Missiles
 b - 4 throwing nets (quivered)
 n - 194 stones
Armour
 a - a +0 hat
 m - a +0 hat (worn)
 o - a +1 buckler of protection (worn)
Wands
 d - a wand of digging (5)
Scrolls
 e - 3 scrolls of identify
 f - 3 scrolls of teleportation
 i - a scroll of enchant weapon
 j - a scroll of amnesia
 p - 2 scrolls of fear
 q - a scroll of blinking {unknown}
Potions
 h - a potion of agility {unknown}
 k - a potion of invisibility
 l - a potion of brilliance
Comestibles
 c - 12 rations


   Skills:
 + Level 3.9 Fighting
 - Level 2.0 Throwing
 * Level 5.7 Dodging
 + Level 4.6 Unarmed Combat
 + Level 2.2 Spellcasting


You had 10 spell levels left.
You didn't know any spells.
Your spell library was empty.

Dungeon Overview and Level Annotations

Branches:
Dungeon (6/15)
 Temple: D:4-7

Altars:
Vehumet


Innate Abilities, Weirdness & Mutations

You cannot wear most types of armour.
You are very stealthy in the water. (Stealth+)
You are amphibious.
You can wear up to eight rings at the same time.
You can use your tentacles to constrict eight enemies at once.
Your skin changes colour to match your surroundings (Stealth+).
Your rubbery body absorbs attacks. (AC +1, EV +1)


Message History

The silver boomerang hits you!
The weapon returns to the orc warrior!
The jackal barks!
The orc priest calls down the wrath of Beogh upon you.
Beogh smites you! The adder barely misses you.
The orc warrior barely misses you.
You climb upwards.
There is a stone staircase leading down here.
The adder bites you but does no damage.
The orc warrior throws a silver boomerang.
The silver boomerang hits you.
The weapon returns to the orc warrior!
The orc warrior throws a silver boomerang.
The silver boomerang completely misses you.
The weapon returns to the orc warrior!
The adder bites you.
You are poisoned.
The adder poisons you!
The orc warrior throws a silver boomerang.
The silver boomerang hits you!
* * * LOW HITPOINT WARNING * * *
You die...

#...........#............#......#
#...........#............#......#
#...........#............#......#
#...........#............#......#
#...........#.......o....#......#
#.....#'#####......>.....'......#
#.....#.....#............#......#
#.....#.....#...S........#......#
#.....#.....#...@........#......#
#.....#.....#..)(........#......#
#.....#.....#.)..##......#......#
#.....#.....#.<..#########......#
#.....#.....#.....# #......#
#.....#.....#.....# #......#
#.....#.....'.....# #......#
#.....'.....#.....# ########
#.....##...##.....#


You could see an orc warrior and an adder.

Vanquished Creatures
  A phantom (D:5)
  A howler monkey (D:5)
  A bullfrog skeleton (D:4)
  A hound (D:5)
  2 orc priests
  An orc wizard (D:4)
  Crazy Yiuf (D:4)
  2 iguanas
  A worker ant (D:5)
  Robin (D:2)
  3 gnolls (D:1)
  2 adders
  An ooze (D:5)
  An adder zombie (D:5)
  2 worms (D:4)
  5 dart slugs
  3 leopard geckos
  7 orcs
  2 giant cockroaches (D:4)
  11 goblins
  12 hobgoblins
  5 jackals
  4 kobolds
  2 quokkas
  2 ball pythons
  2 bats
  10 frilled lizards
  2 quokka skeletons (D:4)
  8 rats
96 creatures vanquished.

Notes
Turn   | Place    | Note
-------+----------+-------------------------------------------
     0 | D:1      | Crag the Octopode Gladiator began the quest for the Orb.
     0 | D:1      | Reached XP level 1. HP: 14/14 MP: 1/1
   254 | D:1      | Reached XP level 2. HP: 19/19 MP: 2/2
  1468 | D:2      | Found a radiant altar of Vehumet.
  1473 | D:2      | Reached XP level 3. HP: 17/25 MP: 3/3
  2102 | D:1      | Reached skill level 4 in Dodging
  2102 | D:1      | Reached XP level 4. HP: 15/30 MP: 4/4
  2336 | D:2      | Noticed Robin
  2344 | D:2      | Killed Robin
  2784 | D:2      | Found a faded altar of an unknown god.
  3314 | D:3      | Reached XP level 5. HP: 33/36 MP: 5/5
  3944 | D:4      | Reached skill level 1 in Spellcasting
  4001 | D:4      | Found a runed translucent door.
  4002 | D:4      | Noticed Crazy Yiuf
  4008 | D:4      | Killed Crazy Yiuf
  4073 | D:4      | Reached XP level 6. HP: 34/42 MP: 7/7
  4154 | D:4      | Reached skill level 5 in Dodging
  4575 | D:5      | Entered Level 5 of the Dungeon
  4891 | D:5      | Noticed a phantom
  4976 | D:5      | Killed a phantom
  4976 | D:5      | Reached XP level 7. HP: 21/47 MP: 8/10
  5850 | D:5      | HP: 2/47 [orc warrior/silver boomerang (14)]
  5850 | D:5      | Hit by a silver boomerang thrown by an orc warrior

Levels and vault maps discovered:
D:1:      minmay_arrival_cross, layout_basic
D:2:      layout_rooms, lemuel_doored_altar,
          chequers_ecumenical_altar_simple_redux, uniq_robin
D:3:      layout_rooms
D:4:      layout_loops_corners, uniq_crazy_yiuf_cottage
D:5:      layout_gridville, first_ration
D:6:      layout_basic, serial_glass, glass_columns_a, glass_columns_a,
          glass_columns_a, glass_columns_c, glass_columns_a, glass_columns_a,
          glass_columns_b, glass_columns_a, serial_shops, shop, uniq_grinder

Skill      XL: |  1  2  3  4  5  6 |
---------------+-------------------+-----
Dodging        | 4 5 |  5.7
Fighting       | 3 |  3.9
Spellcasting   | 1 2 |  2.2
Unarmed Combat | 4 |  4.6
Throwing       | |  2.0

Action                   |  1- 3 |  4- 6 |  7- 9 || total
-------------------------+-------+-------+-------++-------
Melee: Unarmed           |    79 |   181 |    18 ||   278
       Constrict         |    17 |    44 |     5 ||    66
       Tentacles         |    10 |    36 |     3 ||    49
       Punch             |     2 |     4 |     2 ||     8
  Use: Scroll            |       |     9 |       ||     9
       Potion            |       |     4 |       ||     4
 Stab: Sleeping          |     6 |     5 |     1 ||    12
  Eat: Chunk             |     4 |     9 |     2 ||    15
Armor: Skin              |     5 |    12 |     2 ||    19
Dodge: Dodged            |    38 |    96 |    16 ||   150
Block: Buckler           |       |    17 |     8 ||    25

Table legend:
 A = Non-vault XP
 B = Vault XP
 C = Vault XP percentage of total XP
 D = Non-vault monster count
 E = Vault monster count
 F = Vault count percentage of total count
                 A         B        C        D         E       F
            +---------+---------+-------+---------+---------+-------
      Total |     720 |      73 |   9.2 |      84 |      12 |  12.5
            +---------+---------+-------+---------+---------+-------
        D:1 |      72 |       2 |   2.7 |      22 |       1 |   4.3
        D:2 |      32 |      32 |  50.0 |      17 |      10 |  37.0
        D:3 |      34 |       0 |   0.0 |      12 |       0 |   0.0
        D:4 |     203 |      39 |  16.1 |      21 |       1 |   4.5
        D:5 |     379 |       0 |   0.0 |      12 |       0 |   0.0
            +---------+---------+-------+---------+---------+-------
